 Dungeon Crawl Stone Soup version 0.20.0-15-g7f486f2 (console) character file.

164 removed the Ducker (level 5, -2/28 HPs)
             Began as a Spriggan Necromancer on June 9, 2017.
             Slain by a frilled lizard (3 damage)
             ... on level 4 of the Dungeon.
             The game lasted 00:06:03 (3750 turns).

removed the Ducker (Spriggan Necromancer)           Turns: 3750, Time: 00:06:04

Health: -2/28      AC:  2    Str:  5    XL:     5   Next: 21%
Magic:  10/10      EV: 21    Int: 16    God:
Gold:   112        SH:  0    Dex: 17    Spells: 8/9 levels left

rFire    + . .     SeeInvis +   a - +1 dagger (drain)
rCold    . . .     Gourm    .   (shield restricted)
rNeg     . . .     Faith    .   i - +0 robe
rPois    .         Spirit   .   (helmet restricted)
rElec    .         Reflect  .   (no cloak)
rCorr    .         Harm     .   (gloves unavailable)
MR       .....                  (boots unavailable)
Stlth    ++........             (no amulet)
Regen    0.1/turn               q - ring of protection from fire
MPRegen  0.2/turn               (no ring)

@: very quick
A: unfitting armour, see invisible, herbivore 3, speed 3, slow metabolism 2
a: no special abilities


You were on level 4 of the Dungeon.
You were very hungry.

You visited 1 branch of the dungeon, and saw 4 of its levels.

You collected 112 gold pieces.

Inventory:

Hand Weapons
 a - a +1 dagger of draining (weapon)
 d - a +0 short sword
 o - a +2 dagger of speed
Missiles
 f - 18 poisoned needles
Armour
 i - a +0 robe (worn)
 l - +0 ice dragon scales
Jewellery
 q - a ring of protection from fire (left hand)
Scrolls
 e - 3 scrolls of teleportation {unknown}
 g - a scroll of identify {unknown}
 j - 4 scrolls of immolation {unknown}
 n - a scroll of magic mapping {unknown}
 r - a scroll of enchant weapon {unknown}
Potions
 h - a potion of lignification {unknown}
 m - 3 potions of curing
 p - a potion of invisibility {unknown}
 s - a potion of brilliance {unknown}
 t - a potion of cancellation {unknown}
 u - a potion of might {unknown}
Books
 b - a book of Necromancy

   Spells                             Type                      Level
   a - Pain                           Necromancy                   1
   b - Animate Skeleton               Necromancy                   1
   c - Vampiric Draining              Necromancy                   3
   d - Regeneration                   Charms/Necromancy            3
   e - Animate Dead                   Necromancy                   4
   f - Control Undead                 Necromancy                   4
 k - a book of Minor Magic

   Spells                             Type                      Level
   a - Magic Dart                     Conjuration                  1
   b - Blink                          Translocation                2
   c - Call Imp                       Summoning                    2
   d - Slow                           Hexes                        2
   e - Conjure Flame                  Conjuration/Fire             3
   f - Mephitic Cloud                 Conjuration/Poison/Air       3
Comestibles
 c - 4 bread rations


   Skills:
 - Level 3.0 Fighting
 + Level 5.6 Dodging
 - Level 3.0 Stealth
 - Level 2.6 Spellcasting
 - Level 3.6 Necromancy


You had 8 spell levels left.
You knew the following spells:

 Your Spells              Type           Power        Failure   Level  Hunger
a - Pain                  Necr           ##..         4%          1    #......


Dungeon Overview and Level Annotations

Branches:
Dungeon (4/15)
 Temple: D:4-7

Altars:
Ashenzari
Xom
Yredelemnul

Annotations:
D:3 Sigmund
D:4 Quirk's ghost, novice VSFi


Innate Abilities, Weirdness & Mutations

You are very small and have problems with some larger weapons.
You are too small for most types of armour.
You have supernaturally acute eyesight. (SInv)
You are a herbivore.
You cover ground extremely quickly.
You need consume almost no food.


Message History

Quirk's ghost (novice Vine Stalker Fighter) comes into view.
The orc shouts!
Quirk's ghost turns its malevolent gaze towards you.
You hear an angry hiss.
The orc wizard mumbles some strange words.
The orc wizard seems to speed up.
The orc misses you.
Found a robe.
A frilled lizard comes into view.
The jackal skeleton closely misses you.
You hit the jackal skeleton.
The jackal skeleton is moderately damaged.
The orc wizard closely misses you. The jackal skeleton closely misses you.
The orc completely misses you. The jackal skeleton misses you.
The orc wizard points at you and mumbles some strange words.
You easily resist.
The orc wizard casts a spell at you. The magic dart hits you!
* * * LOW HITPOINT WARNING * * *
The frilled lizard bites you.
You die...

................
#.........>.............
#................$......
#............$..........
#............?.........>
#.......................
#.......................
#.......Z...........W...
#......@5oo.............
#......lW.o.............
#.......................
#.......................
#.......................
#....[..................
#......................
######################


You could see an orc wizard, Quirk's ghost, a crimson imp, 2 orcs, a frilled
lizard and a jackal skeleton.

Vanquished Creatures
  Terence (D:2)
  Robin (D:2)
  4 adders
  2 worms (D:3)
  3 leopard geckos
  7 bats
  4 giant cockroaches
  10 hobgoblins
  5 jackals
  8 kobolds
  2 quokkas (D:3)
  9 frilled lizards
  13 goblins
  A leopard gecko skeleton (D:4)
  12 rats
82 creatures vanquished.

Notes
Turn   | Place    | Note
-------+----------+-------------------------------------------
     0 | D:1      | removed the Spriggan Necromancer began the quest for the Orb.
     0 | D:1      | Reached XP level 1. HP: 9/9 MP: 5/5
   255 | D:1      | Reached skill level 4 in Dodging
   277 | D:1      | Reached XP level 2. HP: 11/13 MP: 6/6
  1008 | D:1      | Reached skill level 5 in Dodging
  1282 | D:2      | Reached XP level 3. HP: 14/16 MP: 8/8
  1547 | D:2      | Noticed Terence
  1549 | D:2      | Noticed Robin
  1587 | D:2      | Reached skill level 1 in Fighting
  2250 | D:2      | Killed Terence
  2250 | D:2      | Reached XP level 4. HP: 17/23 MP: 2/9
  2371 | D:2      | Killed Robin
  2582 | D:3      | Found a basalt altar of Yredelemnul.
  2582 | D:3      | Found a shattered altar of Ashenzari.
  2583 | D:3      | Found a shimmering altar of Xom.
  2768 | D:3      | Noticed Sigmund
  3055 | D:3      | Reached XP level 5. HP: 28/28 MP: 10/10
  3716 | D:4      | Noticed a phantom
  3744 | D:4      | Noticed Quirk's ghost (novice VSFi)
  3750 | D:4      | HP: 1/28 [orc wizard/magic dart (11)]
  3750 | D:4      | Slain by a frilled lizard

Skill      XL: |  1  2  3  4 |
---------------+-------------+-----
Dodging        | 4 5 |  5.6
Fighting       | 2 3 |  3.0
Stealth        | |  3.0
Spellcasting   | |  2.6
Necromancy     | |  3.6

Action                   |  1- 3 |  4- 6 || total
-------------------------+-------+-------++-------
Melee: Short sword       |   129 |       ||   129
       Dagger            |    52 |   187 ||   239
 Cast: Pain              |    25 |     8 ||    33
 Stab: Sleeping          |     3 |     7 ||    10
Armor: Robe              |    13 |    11 ||    24
       Ice dragon scales |       |     1 ||     1
Dodge: Dodged            |   165 |   136 ||   301
